 Dungeon Crawl Stone Soup version 0.30-a0-956-gcec3b41aec (webtiles) character file.

Game seed: 11271406483863197902

9 vishdafish the Conjurer (level 2, 12/19 HPs)
             Began as a Demonspawn Conjurer on Mar 29, 2023.
             Quit the game on level 1 of the Dungeon.
             The game lasted 00:00:16 (208 turns).

vishdafish the Conjurer (Demonspawn Conjurer)        Turns: 208, Time: 00:00:17

Health: 12/19      AC:  2    Str:  7    XL:     2   Next: 3%
Magic:  0/5        EV: 12    Int: 19    God:
Gold:   0          SH:  4    Dex: 11    Spells: 4/5 levels left

rFire   . . .      SeeInvis .    (no weapon)
rCold   . . .      Faith    .    (no shield)
rNeg    . . .      Spirit   .    a - +0 robe
rPois   .          Reflect  .    (no helmet)
rElec   .          Rampage  .    (no cloak)
rCorr   .                        (no gloves)
Will    .....                    (no boots)
Stlth   ++                       (no amulet)
HPRegen 0.23/turn                (no ring)
MPRegen 0.09/turn                (no ring)

@: no status effects
A: condensation shield
a: no special abilities


You were on level 1 of the Dungeon.
You visited 1 branch of the dungeon, and saw 1 of its levels.

Inventory:

Armour
 a - a +0 robe (worn)
Scrolls
 c - a scroll of identify {unknown}
 d - a scroll of fog {unknown}
Potions
 b - a potion of magic


   Skills:
 - Level 1.7 Dodging
 - Level 1.7 Stealth
 + Level 2.3 Spellcasting
 + Level 4.2 Conjurations


You had 4 spell levels left.
You knew the following spells:

 Your Spells              Type           Power      Damage    Failure   Level
a - Magic Dart            Conj           72%        1d6       2%          1

Your spell library contained the following spells:

 Spells                   Type           Power      Damage    Failure   Level
 Searing Ray              Conj           36%        2d5       4%          2
 Freeze                   Ice            8%         1d3       16%         1
 Dazzling Flash           Conj/Hex       20%        N/A       21%         3
 Hailstorm                Conj/Ice       10%        3d5       21%         3
 Frozen Ramparts          Ice            4%         1d1       43%         3
 Fulminant Prism          Conj/Hex       5%         3d7       56%         4
 Iskenderun's Mystic Bla  Conj/Tloc      10%        2d4       56%         4


Dungeon Overview and Level Annotations

Branches:
Dungeon (1/15)

Altars:


Innate Abilities, Weirdness & Mutations

A meltable shield of frost defends you. (SH +4)


Message History

A ball python is nearby!
A goblin comes into view. It is wielding a +0 club.
Found a robe.
The ball python hisses angrily.
You hear an angry hiss.
A ball python comes into view.
The magic dart hits the ball python.
You kill the ball python!
The goblin shouts!
The magic dart hits the goblin.
You kill the goblin!
The magic dart hits the ball python.
The ball python is heavily wounded.
You are out of magic!
You are out of magic!
You are out of magic!
You are out of magic!
Found 7 gold pieces.
You closely miss the ball python.
The ball python is heavily wounded.
The ball python bites you. The ball python grabs you.
The ball python constricts you. The ball python bites you.
The ball python constricts you.
You hit the ball python.
The ball python is severely wounded.
The ball python closely misses you. The ball python constricts you.
You hit the ball python but do no damage.
The ball python is severely wounded.
The ball python bites you but does no damage.
The ball python constricts you.
You barely miss the ball python.
The ball python is severely wounded.
A kobold comes into view. It is wielding a +0 short sword.
The ball python barely misses you. The ball python constricts you.
You hit the ball python.
You kill the ball python!
You have reached level 2!
Your demonic ancestry asserts itself...
Frost condenses into a shield before you.
A kobold is nearby!
Are you sure you want to abandon this character and quit the game? (Confirm with "yes".)

## ## ..... ..##. .[....
.... ...... ).# K.... ..
#.##..... . #.# ##...(#
##.. ####
#.####.....#>....
..###............###.
#.....###....@..†.[..
##...................$
###...###.##......#.....
#.......................
#.#####.................
..##.......#......... ..
.###...............##. .
## #......###.....## #.
#....... ##......


You could see a kobold.

Vanquished Creatures
  2 ball pythons (D:1)
  An endoplasm (D:1)
  A giant cockroach (D:1)
  2 goblins (D:1)
  A frilled lizard (D:1)
7 creatures vanquished.

Notes
Turn   | Place    | Note
-------+----------+-------------------------------------------
     0 | D:1      | vishdafish the Demonspawn Conjurer began the quest for the
                  | Orb.
     0 | D:1      | Reached XP level 1. HP: 13/13 MP: 3/3
   208 | D:1      | Gained mutation: A meltable shield of frost defends you.
                  | (SH +4) [demonic ancestry]
   208 | D:1      | Reached XP level 2. HP: 12/19 MP: 0/5
   208 | D:1      | Quit the game

Illustrated notes

Levels and vault maps discovered:
D:1:      lemuel_arrival_muddy, layout_rooms,
          hellmonk_ecumenical_altar_pennies_from_heaven,
          minmay_stone_trees_medium

Action                     || total
---------------------------++-------
  Melee: Unarmed           ||     8
   Cast: Magic Dart        ||    11
 Armour: Robe              ||     3
  Dodge: Dodged            ||     4

Table legend: (Time is in decaauts)
 A = Elapsed time spent in this place.
 B = Non-inter-level travel time spent in this place.
 C = Inter-level travel time spent in this place.
 D = Time resting spent in this place.
 E = Time spent auto-exploring this place.
 F = Levels seen in this place.
 G = Mean time per level.
                   A        B        C        D        E       F      G
               +--------+--------+--------+--------+--------+-----+--------+
         Total |    212 |    212 |      0 |      0 |    177 |   1 |  212.0 |
       Dungeon |    212 |    212 |      0 |      0 |    177 |   1 |  212.0 |
               +--------+--------+--------+--------+--------+-----+--------+

Top non-repeatable levels by time:
     D:1: 212 daAuts
